 Dungeon Crawl Stone Soup version 0.25.1-2-g60ff931df9 (console) character file.

Game seed: 12368165842638831343

1806 Colgate the Slinger (level 8, 53/56 HPs)
             Began as a Demonspawn Gladiator on Aug 13, 2020.
             Was a Believer of Makhleb.
             Quit the game in a sewer.
             The game lasted 01:19:52 (5778 turns).

Colgate the Slinger (Demonspawn Gladiator)          Turns: 5778, Time: 01:19:52

Health: 53/56      AC:  6    Str: 16    XL:     8   Next: 84%
Magic:  8/8        EV: 13    Int: 13    God:    Makhleb [**....]
Gold:   78         SH:  5    Dex: 14    Spells: 7/7 levels left

rFire    . . .     SeeInvis .   b - +1 whip (elec)
rCold    . . .     Gourm    .   (no shield)
rNeg     + . .     Faith    .   F - +0 troll leather armour
rPois    +         Spirit   .   c - +0 helmet
rElec    .         Reflect  +   (no cloak)
rCorr    .         Harm     .   u - +0 pair of gloves
MR       .....                  (boots unavailable)
Stlth    +.........             E - amulet of reflection
HPRegen  0.58/turn              e - ring of flight
MPRegen  0.11/turn              J - ring of positive energy

@: no status effects
A: claws 1, hooves 3, clever 1, poison resistance, inhibited regeneration,
sanguine armour 1
a: Minor Destruction, Renounce Religion, Evoke Flight


You were in a sewer.
You worshipped Makhleb.
Makhleb was pleased with you.
You were not hungry.

You visited 1 branch of the dungeon, and saw 5 of its levels.
You also visited: Sewer.

You collected 166 gold pieces.
You spent 88 gold pieces at shops.

Inventory:

Hand Weapons
 a - a +0 hunting sling
 b - a +1 whip of electrocution (weapon)
 v - a +0 quarterstaff
 H - a +3 flail
 I - a +0 shortbow
Missiles
 h - 175 stones
 l - a throwing net
 p - 15 sling bullets
 y - 51 arrows
 z - 13 bolts
 B - 4 boomerangs (quivered)
Armour
 c - a +0 helmet (worn)
 m - a +0 robe
 o - a +0 scale mail
 u - a +0 pair of gloves (worn)
 A - a +0 chain mail
 C - a +0 ring mail
 F - a +0 troll leather armour (worn)
Jewellery
 e - a ring of flight (left hand)
 E - an amulet of reflection (around neck)
 J - a ring of positive energy (right hand)
Wands
 t - a wand of random effects (8)
 G - a wand of digging (7)
Scrolls
 i - 7 scrolls of identify
 n - 2 scrolls of remove curse
 q - a scroll of amnesia
 r - a scroll of enchant weapon
 s - 3 scrolls of immolation
 w - a scroll of teleportation
Potions
 d - a potion of stabbing {unknown}
 g - a potion of brilliance
 j - 2 potions of curing
 x - a potion of resistance
 D - a potion of haste
Comestibles
 f - 9 rations
 k - 21 chunks of flesh


   Skills:
 - Level 2.0 Fighting
 - Level 2.5(3.2) Maces & Flails
 - Level 3.0(3.5) Staves
 - Level 8.8(9.1) Slings
 - Level 3.3(6.5) Throwing
 - Level 3.0 Armour
 - Level 3.0 Dodging
 + Level 0.0 Invocations


You had 7 spell levels left.
You didn't know any spells.
Your spell library contained the following spells:

 Spells                   Type           Power        Failure   Level  Hunger
 Shock                    Conj/Air       #...         36%         1    ##.....
 Swiftness                Chrm/Air       #.......     50%         2    ###....
 Confusing Touch          Hex            #.......     73%         3    ####...
 Gell's Gravitas          Tloc           #.........   73%         3    ####...
 Static Discharge         Conj/Air       #.......     73%         3    ####...
 Airstrike                Air            #.........   98%         4    #####..
 Petrify                  Tmut/Erth      #.......     98%         4    #####..
 Lightning Bolt           Conj/Air       #.........   100%        5    ######.
 Metabolic Englaciation   Hex/Ice        #.........   100%        5    ######.
 Yara's Violent Unravell  Hex/Tmut       #.........   100%        5    ######.


Dungeon Overview and Level Annotations

Branches:
Dungeon (5/15)              Sewer (1/1)
 Temple: D:4-7

Altars:
Elyvilon
Gozag
Makhleb
Ru

Shops:
D:4 *


Innate Abilities, Weirdness & Mutations

You have hooves in place of feet.
When seriously injured, your bleeding wounds create armour. (AC +0)
You have sharp fingernails.
Your mind is acute. (Int +2)
Your system is resistant to poisons. (rPois)
You do not regenerate when monsters are visible.


Message History

You hit the bat.
You kill the bat!
Makhleb accepts your kill.
You feel better. The bat completely misses you.
Press: ? - help, Shift-Dir - straight line, f/p - bat
Aim: a bat (moderately wounded)
The zap hits the bat.
You kill the bat!
Makhleb accepts your kill.
You feel better. The bat hits you but does no damage.
Welcome back, Colgate the Demonspawn Gladiator.
Blood and souls for Makhleb!
Press ? for a list of commands and other information.
You barely miss the bat. The bat misses you.
Press: ? - help, Shift-Dir - straight line, f - bat
Aim: a bat (water)
The stone arrow hits the bat!
You kill the bat!
Makhleb accepts your kill.
Are you sure you want to abandon this character and quit the game? (Confirm with "yes".)

### ##.##
#.@.#
#.....#
#...≈...#
#..≈≈≈..#
#.≈≈≈≈≈.#
#..≈≈≈..#
#...≈...#
##.....##


There were no monsters in sight!

Vanquished Creatures
  A troll (D:4)
  Grinder (D:4)
  Prince Ribbit (D:5)
  Eustachio (D:4)
  Duvessa (D:4)
  2 ogres (D:5)
  A centaur (D:5)
  Dowan (D:4)
  A centaur zombie (D:5)
  2 hounds
  4 orc priests
  3 orc wizards
  2 bullfrog skeletons (D:4)
  2 iguanas
  2 worker ants
  A hound skeleton (D:4)
  A gnoll (D:1)
  7 adders
  2 oozes (D:3)
  An adder skeleton (D:5)
  5 worms
  A dart slug (D:2)
  5 leopard geckos
  19 orcs
  3 giant cockroaches
  12 goblins
  4 hobgoblins
  8 jackals
  5 quokkas
  11 bats
  7 frilled lizards
  A jackal zombie (D:5)
  7 kobolds
  A leopard gecko skeleton (D:5)
  A quokka skeleton (D:4)
  4 rats
131 creatures vanquished.

Notes
Turn   | Place    | Note
-------+----------+-------------------------------------------
     0 | D:1      | Colgate the Demonspawn Gladiator began the quest for the
                  | Orb.
     0 | D:1      | Reached XP level 1. HP: 16/16 MP: 1/1
   327 | D:1      | Gained mutation: You have large cloven feet. [demonic
                  | ancestry]
   327 | D:1      | Reached XP level 2. HP: 22/22 MP: 2/2
   738 | D:1      | Reached skill level 1 in Armour
   930 | D:1      | Reached XP level 3. HP: 18/27 MP: 3/3
  1981 | D:2      | Reached XP level 4. HP: 33/33 MP: 4/4
  2558 | D:2      | Found a burning altar of Makhleb.
  2563 | D:2      | Gained mutation: You have hoof-like feet. [demonic
                  | ancestry]
  2563 | D:2      | Reached XP level 5. HP: 38/38 MP: 5/5
  2574 | D:2      | Became a worshipper of Makhleb the Destroyer
  2837 | D:2      | Reached skill level 1 in Slings
  3011 | D:2      | Reached skill level 1 in Maces & Flails
  3062 | D:3      | Found a white marble altar of Elyvilon.
  3077 | D:3      | Reached XP level 6. HP: 44/44 MP: 6/6
  3190 | D:3      | Reached skill level 2 in Slings
  3502 | D:3      | Reached * piety under Makhleb
  3535 | D:3      | Gained mutation: You do not regenerate when monsters are
                  | visible. [potion of mutation]
  3535 | D:3      | Gained mutation: Your mind is acute. (Int +2) [potion of
                  | mutation]
  3535 | D:3      | Gained mutation: Your muscles are strong. (Str +2) [potion
                  | of mutation]
  3781 | D:3      | Reached skill level 3 in Slings
  4092 | D:4      | Noticed Eustachio
  4098 | D:4      | Killed Eustachio
  4098 | D:4      | Reached skill level 4 in Slings
  4191 | D:4      | Found Warei's General Store.
  4200 | D:4      | Noticed Duvessa
  4205 | D:4      | Noticed Dowan
  4242 | D:4      | Killed Duvessa
  4242 | D:4      | Gained mutation: When seriously injured, your bleeding
                  | wounds create armour. (AC +0) [demonic ancestry]
  4242 | D:4      | Reached XP level 7. HP: 40/50 MP: 7/7
  4255 | D:4      | Killed Dowan
  4255 | D:4      | Reached skill level 5 in Slings
  4455 | D:4      | Bought a potion of mutation for 88 gold pieces
  4455 | D:4      | Lost mutation: Your muscles are strong. (Str +2) [potion of
                  | mutation]
  4455 | D:4      | Gained mutation: Your system is resistant to poisons.
                  | (rPois) [potion of mutation]
  4455 | D:4      | Gained mutation: You have sharp fingernails. [potion of
                  | mutation]
  4455 | D:4      | Gained mutation: You have hooves in place of feet. [potion
                  | of mutation]
  4801 | D:4      | Found an opulent altar of Gozag.
  4841 | D:4      | Noticed a troll
  4928 | D:4      | Killed a troll
  4928 | D:4      | Reached skill level 6 in Slings
  4928 | D:4      | Reached XP level 8. HP: 56/56 MP: 8/8
  5069 | D:4      | Noticed Grinder
  5074 | D:4      | Killed Grinder
  5074 | D:4      | Reached skill level 7 in Slings
  5213 | D:4      | Found a sacrificial altar of Ru.
  5475 | D:5      | Entered Level 5 of the Dungeon
  5548 | D:5      | Reached ** piety under Makhleb
  5641 | D:5      | Noticed Prince Ribbit
  5664 | D:5      | Reached skill level 8 in Slings
  5690 | D:5      | Killed Prince Ribbit
  5757 | D:5      | Found a glowing drain.
  5766 | Sewer    | Entered a sewer
  5778 | Sewer    | Quit the game

Illustrated notes

Levels and vault maps discovered:
D:1:      mushboom_english_gardens, layout_loops_ring
D:2:      layout_loops_cross, makhleb_blood_cavern_becter
D:3:      layout_basic, elyvilon_altar_4
D:4:      minmay_clustersquares, layout_basic, grunt_gozag_statues,
          nicolae_ru_path_of_blood, first_ration, serial_shops, shop,
          uniq_grinder, uniq_eustachio, uniq_duvessa
D:5:      layout_basic, portal_sewer_entry_d, kennysheep_small_spiral,
          kennysheep_generic_room_15, uniq_menkaure, uniq_prince_ribbit1
Sewer:    sewer_big_baddie

Skill      XL: |  1  2  3  4  5  6  7  8 |
---------------+-------------------------+-----
Dodging        | 3 |  3.0
Staves         | 3 |  3.0
Armour         | 1 2 3 |  3.0
Throwing       | 2 3 |  3.3
Slings         | 1 4 6 8 |  8.8
Maces & Flails | 1 2 |  2.5
Fighting       | |  2.0

Action                   |  1- 3 |  4- 6 |  7- 9 || total
-------------------------+-------+-------+-------++-------
Melee: Quarterstaff      |    28 |       |       ||    28
       Whip              |    62 |    95 |   110 ||   267
       Kick              |    13 |    22 |    31 ||    66
 Fire: Hunting sling     |       |   101 |    53 ||   154
Throw: Stone             |    98 |     7 |       ||   105
       Throwing net      |     3 |     4 |     4 ||    11
       Boomerang         |       |     3 |     8 ||    11
Invok: Minor Destruction |       |       |    13 ||    13
  Use: Scroll            |       |    11 |     4 ||    15
       Potion            |       |     1 |     3 ||     4
 Stab: Held in net/web   |       |       |     2 ||     2
  Eat: Chunk             |     3 |     7 |     5 ||    15
Armor: Leather armour    |     3 |       |       ||     3
       Scale mail        |    32 |    36 |     2 ||    70
       Ring mail         |       |    16 |    10 ||    26
       Troll leather arm |       |       |    15 ||    15
Dodge: Dodged            |    69 |    47 |    59 ||   175
Block: Other             |       |       |    11 ||    11
       Reflection        |       |       |     1 ||     1
